 Dungeon Crawl Stone Soup version 0.30-a0-782-ge64f9170bb (webtiles) character file.

Game seed: 10634230435719900707

275861 Turgor the Slayer (level 20, -10/160 (198) HPs)
             Began as a Hill Orc Monk on Jan 31, 2023.
             Was the Champion of Beogh.
             Killed from afar by an eidolon (43 damage)
             ... with a bolt of negative energy
             ... in a wizard's laboratory on Mar 17, 2023.
             The game lasted 06:03:01 (43218 turns).

Turgor the Slayer (Hill Orc Monk)                  Turns: 43218, Time: 06:03:02

HP:   -10/160 (198) AC: 29    Str: 32    XL:     20   Next: 35%
MP:   26/26         EV: 11    Int: 16    God:    Beogh [******]
Gold: 2665          SH: 15    Dex: 13    Spells: 5/19 levels left

rFire   + . .      SeeInvis +    e - +9 broad axe (freeze)
rCold   . . .      Faith    .    u - +2 kite shield {reflect}
rNeg    . . .      Spirit   .    M - +0 chain mail of a wizard's laboratory {rElec Regen+ Int+3 SInv}
rPois   +          Reflect  +    H - +0 hat {Will+}
rElec   +          Harm     .    C - +1 cloak {rPois}
rCorr   .          Rampage  .    f - +2 pair of gloves
Will    ++...                    T - +0 pair of boots Stlth
                                 v - amulet "Xoxek" {rF+ Regen+ Str+3 Int+3}
HPRegen 2.06/turn                J - +6 ring of strength
MPRegen 0.20/turn                A - +4 ring of protection

@: hasted and slowed, studying 2 skills, heavily drained
A: walk on water, iridescent scales 1, low MP 2
}: 2/15 runes: barnacled, gossamer
a: Renounce Religion, Smiting, Recall Orcish Followers, Give Item to Named
Follower, Resurrection


You were in a wizard's laboratory.
You worshipped Beogh.
Beogh was exalted by your worship.
You visited 8 branches of the dungeon, and saw 38 of its levels.
You also visited: Trove and Wizlab.

You collected 4880 gold pieces.
You spent 2215 gold pieces at shops.

Inventory:

Hand Weapons
 e - a +9 broad axe of freezing (weapon)
 o - the +5 sling of Hylau {antimagic, rPois Str+2 Int-4 Dex+3}
   (You found it on level 5 of the Dungeon)

   Str:       It affects your strength (+2).
   Int:       It affects your intelligence (-4).
   Dex:       It affects your dexterity (+3).
   rPois:     It protects you from poison.
Missiles
 i - 14 javelins
 V - 5 throwing nets
Armour
 f - a +2 pair of gloves (worn)
 u - a +2 kite shield of reflection (worn)
 C - a +1 cloak of poison resistance (worn)
 H - a +0 hat of willpower (worn)
 M - the +0 chain mail of a wizard's laboratory (worn) {rElec Regen+ Int+3 SInv}
   (You took it off an orc on level 8 of the Dungeon)

   Int:       It affects your intelligence (+3).
   rElec:     It insulates you from electricity.
   SInv:      It lets you see invisible.
   Regen:     It increases your rate of health regeneration.
 T - a +0 pair of boots (worn)
Jewellery
 j - a ring of protection from cold
 k - the amulet "Kuvo" {Spirit rC+ Dex+2 Stlth-}
   (You found it on level 1 of the Shoals)

   [amulet of guardian spirit]

   It causes incoming damage to be divided between your reserves of health and
   magic.
   Dex:       It affects your dexterity (+2).
   rC:        It protects you from cold.
   Stlth:     It makes you less stealthy.
 t - the amulet "Feprit" {rN+ Regen+ SInv}
   (You took it off a vault guard on level 1 of the Vaults)

   [amulet of regeneration]

   rN:        It protects you from negative energy.
   SInv:      It lets you see invisible.
   Regen:     It increases your rate of health regeneration.
 v - the amulet "Xoxek" (around neck) {rF+ Regen+ Str+3 Int+3}
   (You found it on level 4 of the Shoals)

   [amulet of regeneration]

   Str:       It affects your strength (+3).
   Int:       It affects your intelligence (+3).
   rF:        It protects you from fire.
   Regen:     It increases your rate of health regeneration.
 A - a +4 ring of protection (right hand)
 I - the ring "Vakemakk" {Int+2 SInv}
   (You found it on level 3 of the Shoals)

   [ring of see invisible]

   Int:       It affects your intelligence (+2).
   SInv:      It lets you see invisible.
 J - a +6 ring of strength (left hand)
 Q - a ring of flight
Wands
 l - a wand of acid (4)
 D - a wand of iceblast (6) (quivered)
 R - a wand of charming (10)
Scrolls
 g - 3 scrolls of brand weapon
 m - 2 scrolls of blinking
 p - 6 scrolls of enchant armour
 x - 21 scrolls of teleportation
 y - 5 scrolls of fog
 L - a scroll of silence
 P - 6 scrolls of amnesia
 X - 4 scrolls of magic mapping
Potions
 c - 7 potions of ambrosia
 h - 5 potions of mutation
 n - 6 potions of brilliance
 q - 5 potions of invisibility
 w - 5 potions of resistance
 B - 12 potions of curing
 G - 3 potions of magic
 N - 6 potions of might
 O - 5 potions of haste
 U - 3 potions of berserk rage
 Y - 6 potions of attraction
Miscellaneous
 d - a box of beasts (inert)
 E - a condenser vane (inert)
 K - a phial of floods (inert)
 W - a lightning rod (4/4)


   Skills:
 + Level 21.0 Fighting
 + Level 18.4 Axes
 - Level 3.4 Throwing
 + Level 18.5 Armour
 - Level 6.0 Dodging
 - Level 6.0 Stealth
 + Level 14.6 Shields
 + Level 18.0 Invocations
 + Level 12.8 Evocations


You had 5 spell levels left.
You knew the following spells:

 Your Spells              Type           Power      Damage    Failure   Level
a - Borgnjor's Vile Clut  Necr/Erth      0%         N/A       100%        5
b - Polar Vortex          Ice            0%         N/A       100%        9

Your spell library contained the following spells:

 Spells                   Type           Power      Damage    Failure   Level
 Beastly Appendage        Tmut           0%         N/A       75%         1
 Freeze                   Ice            0%         1d3       75%         1
 Kiss of Death            Conj/Necr      0%         2d5       75%         1
 Necrotise                Necr           0%         1d4       75%         1
 Slow                     Hex            0%         N/A       75%         1
 Cigotuvi's Dreadful Rot  Necr/Pois/Air  0%         N/A       87%         2
 Momentum Strike          Conj/Tloc      0%         3d8       87%         2
 Poisonous Vapours        Pois/Air       0%         N/A       87%         2
 Scorch                   Fire           0%         2d5       87%         2
 Static Discharge         Conj/Air       0%         2-2/arc   87%         2
 Sublimation of Blood     Necr           0%         N/A       87%         2
 Wereblood                Tmut           0%         N/A       87%         2
 Call Canine Familiar     Summ           0%         N/A       98%         3
 Confusing Touch          Hex            0%         N/A       98%         3
 Frozen Ramparts          Ice            0%         1d1       98%         3
 Hailstorm                Conj/Ice       0%         3d3       98%         3
 Ignite Poison            Fire/Tmut/Pois 0%         N/A       98%         3
 Inner Flame              Hex/Fire       0%         N/A       98%         3
 Ozocubu's Armour         Ice            0%         N/A       98%         3
 Portal Projectile        Hex/Tloc       0%         N/A       98%         3
 Spider Form              Tmut/Pois      0%         N/A       98%         3
 Summon Guardian Golem    Hex/Summ       0%         N/A       98%         3
 Tukima's Dance           Hex            0%         N/A       98%         3
 Vampiric Draining        Necr           0%         2d6       98%         3
 Vhi's Electric Charge    Tloc/Air       0%         N/A       98%         3
 Airstrike                Air            0%         2d(0-16)  100%        4
 Animate Armour           Summ/Erth      0%         N/A       100%        4
 Animate Dead             Necr           0%         N/A       100%        4
 Flame Wave               Conj/Fire      0%         2d4       100%        4
 Fulminant Prism          Conj/Hex       0%         3d5       100%        4
 Leda's Liquefaction      Hex/Erth       0%         N/A       100%        4
 Passage of Golubria      Tloc           0%         N/A       100%        4
 Petrify                  Tmut/Erth      0%         N/A       100%        4
 Sticky Flame             Conj/Fire      0%         2d3       100%        4
 Summon Lightning Spire   Summ/Air       0%         N/A       100%        4
 Agony                    Necr           0%         N/A       100%        5
 Arcjolt                  Conj/Air       0%         1d10      100%        5
 Blade Hands              Tmut           0%         N/A       100%        5
 Fireball                 Conj/Fire      0%         3d3       100%        5
 Freezing Cloud           Conj/Ice/Air   0%         6-21      100%        5
 Lightning Bolt           Conj/Air       0%         1d11      100%        5
 Metabolic Englaciation   Hex/Ice        0%         N/A       100%        5
 Summon Forest            Summ/Tloc      0%         N/A       100%        5
 Yara's Violent Unravell  Hex/Tmut       0%         3d3       100%        5
 Conjure Ball Lightning   Conj/Air       0%         3x3d6     100%        6
 Eringya's Noxious Bog    Tmut/Pois      0%         N/A       100%        6
 Iron Shot                Conj/Erth      0%         9d1       100%        6
 Simulacrum               Ice/Necr       0%         N/A       100%        6
 Starburst                Conj/Fire      0%         6d3       100%        6
 Statue Form              Tmut/Erth      0%         N/A       100%        6
 Haunt                    Necr/Summ      0%         N/A       100%        7
 Orb of Destruction       Conj           0%         9d5       100%        7
 Ozocubu's Refrigeration  Ice            0%         4d7       100%        7
 Spellforged Servitor     Conj/Summ      0%         N/A       100%        7
 Storm Form               Tmut/Air       0%         N/A       100%        7
 Summon Hydra             Summ           0%         N/A       100%        7
 Ignition                 Fire           0%         3d3       100%        8
 Infestation              Necr           0%         N/A       100%        8
 Lehudib's Crystal Spear  Conj/Erth      0%         10d2      100%        8
 Chain Lightning          Conj/Air       0%         N/A       100%        9


Dungeon Overview and Level Annotations

Branches:
Dungeon (15/15)            Temple (1/1) D:7            Lair (5/5) D:9
 Shoals (4/4) Lair:2       Spider (4/4) Lair:2        Slime (0/5) Lair:5
    Orc (2/2) D:11            Elf (3/3) Orc:2        Vaults (4/5) D:14
  Crypt (0/3) Vaults:3     Depths (0/4) D:15         WizLab (1/1)

Altars:
Ashenzari
Cheibriados
Dithmenos
Elyvilon
Fedhas
Gozag
Hepliaklqana
Kikubaaqudgha
Makhleb
Nemelex Xobeh
Okawaru
Qazlal
Ru
Sif Muna
Trog
Uskayaw
Vehumet
Wu Jian
Xom
Yredelemnul
Zin
The Shining One
Jiyva

Shops:
D:2 (   D:4 [   D:9 *   Orc:2 *([:   Elf:2 =*!:!   Elf:3 *   Shoals:2 ?
Shoals:3 (


Innate Abilities, Weirdness & Mutations

You can walk on water.
You are partially covered in iridescent scales. (AC +2)
Your magical capacity is very low. (-20% MP)


Message History

* * * LOW HITPOINT WARNING * * *
Your Invocations skill increases to level 18!
You hit the eidolon but do no damage.
The eidolon is moderately damaged.
You slice the spectral five-headed hydra!!
You freeze the spectral five-headed hydra.
You are engulfed in spectral mist.
The eidolon is engulfed in freezing vapours.
The eidolon hits you!
* * * LOW HITPOINT WARNING * * *
The eidolon drains your vigour!
You feel yourself slow down. You block the eidolon's attack.
The revenant lashes out with ghostly flames.
The ghostly flame explodes!
The ghostly fireball engulfs the eidolon.
The eidolon completely resists.
The ghostly fireball engulfs you!!
You feel drained.
* * * LOW HITPOINT WARNING * * *
You block the spectral five-headed hydra's attack.
The spectral five-headed hydra bites you but does no damage.
The spectral five-headed hydra closely misses you.
The spectral five-headed hydra misses you.
The spectral five-headed hydra barely misses you.
Blink to where?
Press: ? - help, Dir - move target
As you read the scroll of blinking, it crumbles to dust.
The eidolon is engulfed in freezing vapours.
You feel yourself speed up.
The revenant is engulfed in freezing vapours.
The revenant blinks!
The spectral vault warden hits you but does no damage.
You feel much better.
The spectral five-headed hydra fades away!
The eidolon stares piercingly at you.
The bolt of negative energy hits the spectral demonspawn blood saint.
The spectral demonspawn blood saint completely resists.
The bolt of negative energy hits the spectral vault warden.
The spectral vault warden completely resists.
The bolt of negative energy hits you!!!
You feel drained.
You die...

#...#..# .. #...#..##
#... #.......# ....###
#.......#.....#⌠#
#...#........##.##
##..##.....###...###
#...##....#⌠.....⌠#
#.).z##...#...∩...#
#.....#####○Z@....#####..
#..#..§°○W.Z##.##........
#..##.§°☼°°.##.##.......#
##....#####°......#####..
##..## #...∩...# ####
#⌠.....⌠# ###...### ##.##
#⌠#


You could see an eidolon, a spectral vault warden (summoned) and a spectral
demonspawn blood saint (summoned).

Vanquished Creatures
  Nikola (Elf:3)
  Mlioglotl (Shoals:1)
  An ancient champion (WizLab)
  A kraken (Shoals:2)
  2 sphinxes
  A deep elf blademaster (Elf:2)
  A revenant (WizLab)
  Roxanne (Elf:1)
  A frost giant (Vaults:2)
  3 ghost moths
  A deep elf sorcerer (Vaults:2)
  A deep elf elementalist (Elf:2)
  2 emperor scorpions (Spider:4)
  4 vault wardens
  2 orc warlords
  The ghost of wogdood the Fighter, a journeyman TrGl of Lugonu (Orc:2)
  A broodmother (Spider:3)
  A very ugly thing (Vaults:3)
  An ironbound thunderhulk (Vaults:4)
  3 spark wasps
  6 ironbound preservers
  5 dire elephants
  A deep elf demonologist (Elf:1)
  A deep elf annihilator (Elf:1)
  2 quicksilver dragon zombies (WizLab)
  3 yaktaur captains
  7 merfolk impalers
  3 great orbs of eyes
  A jiangshi (WizLab)
  A merfolk javelineer (Shoals:4)
  An entropy weaver (shapeshifter) (D:14)
  4 hydras
  3 entropy weavers
  4 vault guards
  Erica (D:8)
  A merfolk aquamancer (Shoals:4)
  A catoblepas (Lair:5)
  2 merfolk avatars
  A ghost crab (Spider:1)
  3 radroaches
  3 two-headed ogres
  19 dancing weapons
  4 ironbound frosthearts
  4 boulder beetles
  3 orc high priests
  A titan zombie (WizLab)
  8 centaur warriors
  A satyr (Shoals:4)
  6 death yaks (Lair:5)
  14 deep elf knights
  A skeletal warrior (D:14)
  2 fire crabs
  A skyshark (Shoals:3)
  10 sea snakes
  2 spark wasp zombies (WizLab)
  13 deep trolls
  8 orb spiders
  8 ironbound convokers
  3 wizards
  3 steelbarb worms
  A swamp dragon (Lair:4)
  6 deep elf archers (Elf:1)
  10 harpies
  A necromancer (D:15)
  3 lindwurms
  17 deep elf zephyrmancers
  23 deep elf pyromancers
  13 wolf spiders
  5 orc knights
  5 orc sorcerers
  Pikel (D:4)
  2 cyclopes
  16 manticores
  6 fauns
  3 ugly things
  2 moths of wrath
  10 merfolk sirens
  7 elephants
  7 water nymphs
  2 molten gargoyles (Elf:1)
  6 vault sentinels
  4 black mambas
  7 demonic crawlers
  4 cane toads
  A gargoyle (D:12)
  2 centaur skeletons (D:15)
  5 komodo dragons
  2 kobold demonologists (D:12)
  4 yaktaurs
  3 rime drakes
  A freezing wraith (Vaults:2)
  7 trolls
  3 meliai (Spider:1)
  3 wind drakes
  11 merfolk
  A tyrant leech (Spider:1)
  A hornet (D:8)
  8 polar bears
  17 tarantellas
  6 blink frogs
  A spriggan zombie (WizLab)
  Prince Ribbit (D:9)
  5 snapping turtles
  3 dream sheep
  A slime creature (shapeshifter) (Vaults:4)
  13 culicivoras
  19 slime creatures
  7 jumping spiders
  A shadow (D:12)
  A spriggan (shapeshifter) (D:11)
  6 water elementals
  4 wyverns
  A centaur simulacrum (D:14)
  A vampire (D:13)
  An air elemental (Elf:1)
  34 yaks
  3 basilisks
  3 fire elementals
  22 redbacks
  14 vampire mosquitoes
  Menkaure (D:4)
  6 wargs
  9 water moccasins
  4 acid dragons
  8 ice beasts
  10 orc warriors
  A swamp drake (D:11)
  8 wolves
  7 ogres
  6 centaurs
  3 phantoms
  2 lemures (D:4)
  A kobold brigand (D:9)
  6 bullfrogs
  3 necrophages
  2 scorpions (D:5)
  3 earth elementals
  9 wights
  7 killer bees
  3 howler monkeys
  A vampire bat (Lair:2)
  9 electric eels
  2 lava snakes (Elf:1)
  5 hounds
  3 jellies
  5 orc priests
  7 hell rats
  16 orc wizards
  6 gnolls
  8 adders
  3 white imps
  An ufetubus (D:5)
  5 dart slugs
  29 orcs
  13 bats
  9 endoplasms
  5 giant cockroaches
  8 goblins
  7 hobgoblins
  8 jackals (D:1)
  6 quokkas
  2 training dummies (D:7)
  5 ball pythons
  2 frilled lizards
  16 kobolds
  3 rats
  A spectral orc (D:12)
  4 tentacles (Shoals:2)
860 creatures vanquished.

Vanquished Creatures (collateral kills)
  Sojobo (Vaults:2)
  The ghost of qborf the Fencer, an adept AtMo of Hepliaklqana (Shoals:1)
  Gastronok (D:10)
  4 sphinxes
  2 tengu reavers (Vaults:2)
  A shadow dragon (Vaults:2)
  Donald (Vaults:1)
  A frost giant (Shoals:4)
  3 emperor scorpions
  3 vault wardens
  Aizul (Spider:1)
  A stone giant (Vaults:2)
  A ghost moth (Spider:2)
  A war gargoyle (Vaults:4)
  4 ironbound preservers
  3 ironbound thunderhulks
  2 very ugly things (Vaults:3)
  5 broodmothers
  Nessos (Orc:2)
  8 dire elephants
  An entropy weaver (Spider:1)
  A merfolk impaler (Shoals:4)
  A merfolk javelineer (Shoals:1)
  2 yaktaur captains
  6 great orbs of eyes
  3 vault guards (Vaults:1)
  5 hydras
  2 catoblepae (Lair:5)
  3 ironbound frosthearts
  2 centaur warriors
  A jorogumo (Spider:3)
  A radroach (Spider:4)
  A merfolk aquamancer (Shoals:1)
  2 boulder beetles
  A tengu warrior (D:13)
  A satyr (Shoals:1)
  A hell knight (Vaults:4)
  A deep elf knight (D:13)
  2 pharaoh ants
  3 skeletal warriors (D:14)
  2 sun moths (Spider:4)
  2 skysharks
  A sea snake (Shoals:1)
  5 orc warriors
  16 deep trolls
  6 orb spiders
  3 harpies
  A deep elf archer (D:13)
  3 lindwurms
  A deep elf zephyrmancer (Elf:1)
  6 ironbound convokers
  2 necromancers
  A wizard (Vaults:1)
  7 ugly things
  4 manticores
  3 steelbarb worms
  An orc sorcerer (Orc:2)
  An orc knight (Vaults:4)
  6 fauns (Shoals:1)
  6 wolf spiders
  7 elephants
  A moth of wrath (Spider:3)
  3 cyclopes
  3 merfolk sirens
  6 demonic crawlers
  2 black mambas
  8 vault sentinels
  5 cane toads
  A centaur skeleton (D:15)
  3 torpor snails
  A rime drake (Lair:5)
  A komodo dragon (Lair:5)
  6 yaktaurs
  A tengu conjurer (D:14)
  3 polar bears
  2 wind drakes (Shoals:4)
  5 merfolk
  3 tyrant leeches (Spider:1)
  A hornet (Lair:1)
  5 blink frogs
  12 tarantellas
  6 snapping turtles
  A harpy skeleton (D:15)
  6 dream sheep
  An ettin zombie (Vaults:4)
  16 slime creatures
  11 culicivoras
  13 jumping spiders
  2 water elementals (Shoals:1)
  A wraith (D:13)
  2 wyverns (D:12)
  A vampire (D:11)
  A steam dragon (Lair:4)
  6 yaks
  A golden eye (shapeshifter) (D:13)
  A basilisk (D:13)
  19 redbacks
  3 vampire mosquitoes
  A warg (Orc:1)
  An acid dragon (D:14)
  7 water moccasins
  A black bear (D:12)
  An ogre (D:11)
  4 wolves (Lair:3)
  2 human zombies (Vaults:4)
  6 bullfrogs
  A hornet simulacrum (D:15)
  A vampire bat (Lair:2)
  An electric eel (Lair:1)
  3 orc priests
  9 orc wizards
  2 hell rats
  A gnoll (D:3)
  6 orcs
  A kobold (D:12)
  A bat (Lair:2)
381 creatures vanquished.

Vanquished Creatures (others)
  3 orc high priests
  7 orc knights
  A deep elf zephyrmancer (Elf:1)
  5 orc sorcerers
  Maggie (D:8)
  13 orc warriors
  A culicivora (Spider:1)
  A redback (Spider:4)
  11 orc wizards
  9 orc priests
  2 gnolls (D:3)
  29 orcs
  53 fungi
  161 plants
  A tentacle (Shoals:2)
298 creatures vanquished.

Grand Total: 1539 creatures vanquished

Notes
Turn   | Place    | Note
-------+----------+-------------------------------------------
     0 | D:1      | Turgor the Hill Orc Monk began the quest for the Orb.
     0 | D:1      | Reached XP level 1. HP: 19/19 MP: 1/1
    51 | D:1      | Upgraded the game from 0.30-a0-728-gc68057be0a to
                  | 0.30-a0-737-gf23d94013f
   111 | D:1      | Reached XP level 2. HP: 21/27 MP: 2/2
   348 | D:1      | Reached XP level 3. HP: 30/33 MP: 3/3
   389 | D:1      | Reached skill level 4 in Fighting
   797 | D:1      | Reached skill level 5 in Axes
  1004 | D:2      | Reached XP level 4. HP: 40/40 MP: 4/4
  1009 | D:2      | Found Teubrit's Weapon Shoppe.
  1789 | D:3      | Found a faded altar of an unknown god.
  1792 | D:3      | Found a burning altar of Makhleb.
  2230 | D:3      | Reached XP level 5. HP: 47/47 MP: 5/5
  2544 | D:3      | Found a faded altar of an unknown god.
  2996 | D:4      | Reached skill level 5 in Fighting
  3031 | D:4      | Noticed Pikel
  3031 | D:4      | Noticed a lemure
  3031 | D:4      | Noticed a lemure
  3031 | D:4      | Noticed a lemure
  3036 | D:4      | Noticed a lemure
  3155 | D:4      | Reached XP level 6. HP: 27/55 MP: 6/6
  3254 | D:4      | Found Seril's Antique Armour Shop.
  3483 | D:4      | Noticed Menkaure
  3487 | D:4      | Killed Menkaure
  3650 | D:4      | Identified the +4 leather armour of the Cuttlefish {rC+
                  | Str+8}
  3985 | D:4      | Reached XP level 7. HP: 57/62 MP: 7/7
  4160 | D:4      | Killed Pikel
  4161 | D:4      | Reached skill level 6 in Fighting
  4185 | D:5      | Entered Level 5 of the Dungeon
  4215 | D:5      | Reached XP level 8. HP: 71/71 MP: 8/8
  4334 | D:5      | Identified the +5 sling of Hylau {antimagic, rPois Str+2
                  | Int-4 Dex+3}
  4621 | D:5      | Reached skill level 10 in Axes
  4639 | D:5      | Reached skill level 7 in Fighting
  4708 | D:5      | You fall into a shaft and drop 2 floors!
  4708 | D:7      | Found a staircase to the Ecumenical Temple.
  4719 | Temple   | Entered the Ecumenical Temple
  4962 | D:7      | Found an ancient bone altar of Kikubaaqudgha.
  5105 | D:7      | Noticed Joseph
  5106 | D:7      | Joseph changed into Joseph the basilisk
  5106 | D:7      | Noticed Joseph
  5116 | D:7      | Killed Joseph the basilisk
  5159 | D:7      | Reached XP level 9. HP: 80/80 MP: 7/9
  5274 | D:6      | Reached skill level 8 in Fighting
  5326 | D:6      | Reached skill level 5 in Armour
  5744 | D:4      | Bought a turquoise-encrusted chain mail for 190 gold pieces
  5744 | D:4      | Identified the +4 chain mail of the Gate {Int+3} (You
                  | bought it in a shop on level 4 of the Dungeon)
  5858 | D:6      | Found a bloodstained altar of Trog.
  5921 | D:6      | Became a worshipper of Beogh the Brigand
  5921 | D:6      | Reached * piety under Beogh
  5921 | D:6      | Reached ** piety under Beogh
  6194 | D:6      | Reached skill level 1 in Invocations
  6486 | D:7      | Found a glowing golden altar of the Shining One.
  6581 | D:7      | Noticed Duvessa
  6582 | D:7      | Noticed Dowan
  6584 | D:7      | Dowan changed into Dowan the gnoll
  6584 | D:7      | Noticed Dowan
  6585 | D:7      | Killed Dowan the gnoll
  6590 | D:7      | Duvessa changed into Duvessa the bullfrog
  6590 | D:7      | Noticed Duvessa
  6594 | D:7      | Killed Duvessa the bullfrog
  7097 | D:8      | Noticed a two-headed ogre
  7143 | D:8      | Noticed Maggie
  7146 | D:8      | Reached skill level 9 in Fighting
  7308 | D:8      | Your ally Maggie died
  7316 | D:8      | Killed a two-headed ogre
  7317 | D:8      | Reached XP level 10. HP: 58/91 MP: 3/13
  7579 | D:8      | Identified the +0 chain mail of a wizard's laboratory
                  | {rElec Regen+ Int+3 SInv}
  7893 | D:8      | Reached *** piety under Beogh
  7917 | D:8      | Found a broken altar of Ashenzari.
  7922 | D:8      | Found a radiant altar of Vehumet.
  8019 | D:8      | Noticed a deep elf pyromancer
  8020 | D:8      | Noticed an eight-headed hydra
  8032 | D:8      | Killed a deep elf pyromancer
  8033 | D:8      | Reached skill level 5 in Invocations
  8036 | D:8      | Noticed Erica
  8198 | D:9      | Found Cegejes's Demolitions Depot.
  8219 | D:9      | Reached skill level 10 in Fighting
  8403 | D:9      | Noticed Prince Ribbit
  8436 | D:9      | Killed Prince Ribbit
  8437 | D:9      | Reached XP level 11. HP: 98/100 MP: 5/15
  8442 | D:9      | Reached skill level 15 in Axes
  8531 | D:9      | Found a staircase to the Lair.
  8671 | D:9      | Found a shimmering blue altar of Sif Muna.
  8702 | D:9      | Found a sacrificial altar of Ru.
  8744 | D:9      | Found a stormy altar of Qazlal.
  9260 | D:10     | Entered Level 10 of the Dungeon
  9304 | D:10     | Noticed Gastronok
  9312 | D:10     | Killed Gastronok
  9706 | D:10     | Reached **** piety under Beogh
  9819 | D:10     | Reached skill level 11 in Fighting
 10534 | D:11     | Found a staircase to the Orcish Mines.
 10895 | D:11     | Noticed a centaur warrior
 10907 | D:11     | Killed a centaur warrior
 11066 | D:11     | Upgraded the game from 0.30-a0-737-gf23d94013f to
                  | 0.30-a0-738-g116ff8c4af
 11197 | D:12     | Found a basalt altar of Yredelemnul.
 11316 | D:12     | Noticed a deep elf pyromancer
 11325 | D:12     | Killed a deep elf pyromancer
 11326 | D:12     | Reached XP level 12. HP: 110/110 MP: 17/17
 11414 | D:12     | Found a portal to a secret trove of treasure.
 11512 | D:12     | Identified the +1 ring mail of the Hart {Fly Str-3 Int+7}
 11723 | D:12     | Found a huge runed translucent gate.
 11723 | D:12     | Found a huge runed translucent gate.
 11724 | D:12     | Found a huge runed translucent gate.
 11725 | D:12     | Found a huge runed translucent gate.
 12089 | D:12     | Reached skill level 12 in Fighting
 12377 | D:13     | Noticed a centaur warrior
 12377 | D:13     | Killed a seven-headed hydra
 12386 | D:13     | Killed a centaur warrior
 12584 | D:13     | Noticed a tengu warrior
 12592 | D:13     | Killed a tengu warrior
 12593 | D:13     | Reached skill level 10 in Armour
 13284 | D:13     | Noticed a deep elf knight
 13298 | D:13     | Killed a deep elf knight
 13709 | Lair:1   | Entered Level 1 of the Lair of Beasts
 13757 | Lair:1   | Reached skill level 13 in Fighting
 13913 | Lair:1   | Reached ***** piety under Beogh
 13989 | Lair:1   | Reached skill level 1 in Evocations
 14006 | Lair:1   | Reached skill level 1 in Throwing
 14690 | Lair:2   | Reached XP level 13. HP: 110/122 MP: 19/19
 14932 | Lair:2   | Found a hole to the Spider Nest.
 15051 | Lair:2   | Gained Berold as an ally
 15529 | Orc:1    | Entered Level 1 of the Orcish Mines
 15593 | Orc:1    | Gained Korbok as an ally
 15603 | Orc:1    | Noticed an orc warlord
 15614 | Orc:1    | Killed an orc warlord
 15615 | Orc:1    | Gained Orkrul as an ally
 15629 | Orc:1    | Gained Arkwar as an ally
 15793 | D:9      | Upgraded the game from 0.30-a0-738-g116ff8c4af to
                  | 0.30-a0-743-gbfdf073431
 16469 | Lair:3   | Reached skill level 1 in Shields
 16794 | Lair:4   | Your ally Arkwar died
 16809 | Lair:4   | Reached skill level 14 in Fighting
 16969 | Lair:4   | Found a shadowy altar of Dithmenos.
 17480 | Lair:4   | Identified the +3 leather armour of Weetaz {*Slow rCorr
                  | Str-3 Int+4}
 17883 | Lair:5   | Entered Level 5 of the Lair of Beasts
 17889 | Lair:5   | Reached skill level 5 in Shields
 18005 | Lair:5   | Gained Boldo as an ally
 18198 | Lair:5   | Reached ****** piety under Beogh
 18245 | Lair:5   | Reached XP level 14. HP: 133/133 MP: 6/20
 18720 | Lair:5   | Found a viscous altar of Jiyva.
 18721 | Lair:5   | Found a staircase to the Slime Pits.
 18982 | Lair:5   | Reached skill level 15 in Fighting
 19480 | Lair:5   | Identified the +3 falchion of Ataa {freeze, Fragile rN++
                  | rCorr}
 19778 | D:8      | Killed Erica
 19828 | D:8      | Upgraded the game from 0.30-a0-743-gbfdf073431 to
                  | 0.30-a0-756-gc2185399d4
 20065 | D:14     | Reached skill level 16 in Fighting
 20065 | D:14     | Upgraded the game from 0.30-a0-756-gc2185399d4 to
                  | 0.30-a0-760-g5a9884bb7c
 20110 | D:14     | Found a gate to the Vaults.
 20123 | D:14     | Found an ancient bone altar of Kikubaaqudgha.
 21107 | Orc:2    | Entered Level 2 of the Orcish Mines
 21109 | Orc:2    | Reached skill level 10 in Invocations
 21110 | Orc:2    | Noticed Nessos
 21112 | Orc:2    | Killed Nessos
 21171 | Orc:2    | Noticed an orc warlord
 21172 | Orc:2    | Paralysed by an orc sorcerer for 4 turns
 21187 | Orc:1    | Upgraded the game from 0.30-a0-760-g5a9884bb7c to
                  | 0.30-a0-777-ga9a30cbeda
 21308 | Orc:2    | Found Raeteyva's Antique Weapon Shop.
 22044 | Orc:1    | Reached XP level 15. HP: 104/143 MP: 22/22
 22357 | Orc:2    | Found a runed translucent gate.
 22357 | Orc:2    | Found a runed translucent gate.
 22357 | Orc:2    | Found a runed translucent gate.
 22359 | Orc:2    | Noticed wogdood's ghost (journeyman TrGl)
 22400 | Orc:2    | Found Huychuw's Antique Armour Boutique.
 22447 | Orc:2    | Found a staircase to the Elven Halls.
 22449 | Orc:2    | Found Reaxet's Book Shop.
 22483 | Orc:2    | Gained Norbak as an ally
 22582 | Orc:2    | Found Foeses's General Store.
 22927 | Orc:2    | Found Runiethe's Antique Armour Boutique.
 22934 | Orc:2    | Gained Arbolt as an ally
 23242 | Orc:2    | Killed wogdood's ghost
 23255 | Orc:2    | Got The Intricacies of Magic
 23574 | Shoals:1 | Entered Level 1 of the Shoals
 23683 | Shoals:1 | Noticed Mlioglotl
 23705 | Shoals:1 | Killed Mlioglotl
 23917 | Shoals:1 | Noticed qborf's ghost (adept AtMo)
 23931 | Shoals:1 | Found a runed translucent gate.
 23931 | Shoals:1 | Found a runed translucent gate.
 23996 | Shoals:1 | Identified the amulet "Lonyuve" {Faith Slay+3}
 24023 | Shoals:1 | Found a runed translucent gate.
 24538 | Shoals:1 | Upgraded the game from 0.30-a0-777-ga9a30cbeda to
                  | 0.30-a0-782-ge64f9170bb
 24556 | Shoals:1 | HP: 3/146 [qborf's ghost (25)]
 24565 | Shoals:1 | Killed qborf's ghost
 24569 | Shoals:1 | Reached skill level 17 in Fighting
 24691 | Shoals:1 | Identified the amulet "Kuvo" {Spirit rC+ Dex+2 Stlth-}
 25106 | Shoals:2 | Noticed a kraken
 25115 | Shoals:2 | Killed a kraken
 25212 | Shoals:2 | Found Marphye Xury's Magic Scroll Boutique.
 25221 | Shoals:2 | Bought a scroll of enchant weapon for 82 gold pieces
 25221 | Shoals:2 | Bought a scroll of teleportation for 33 gold pieces
 25221 | Shoals:2 | Bought 2 scrolls of enchant weapon for 165 gold pieces
 26346 | Shoals:3 | Reached skill level 15 in Armour
 26829 | Shoals:3 | Reached XP level 16. HP: 63/155 MP: 25/25
 27076 | Shoals:3 | Found Bugiogi's Antique Weapon Shoppe.
 27118 | Shoals:3 | Identified the ring "Vakemakk" {Int+2 SInv}
 27391 | Shoals:4 | Entered Level 4 of the Shoals
 27413 | Shoals:4 | Reached skill level 5 in Evocations
 27600 | Shoals:4 | HP: 3/157 [merfolk/boomerang (16)]
 27726 | Shoals:4 | Reached skill level 10 in Shields
 27737 | Shoals:4 | Identified the amulet "Xoxek" {rF+ Regen+ Str+3 Int+3}
 28596 | Shoals:4 | Reached skill level 18 in Fighting
 28597 | Shoals:4 | Gained Ortolf as an ally
 28605 | Shoals:4 | Your ally Ortolf died
 28646 | Shoals:4 | Got a barnacled rune of Zot
 28990 | D:12     | You paid a toll of a +4 demon whip to enter a treasure
                  | trove
 28991 | Trove    | Entered a treasure trove
 29040 | Trove    | Got Kolub's Secrets of Venomous Ectoplasm
 29055 | Trove    | Learned a level 5 spell: Borgnjor's Vile Clutch
 29065 | Trove    | Learned a level 9 spell: Polar Vortex
 29255 | Spider:1 | Entered Level 1 of the Spider Nest
 29459 | Spider:1 | Your ally Berold died
 29932 | Spider:1 | Noticed Aizul
 29944 | Spider:1 | Killed Aizul
 30401 | Spider:1 | Gained Korbok as an ally
 30689 | Spider:2 | Your ally Korbok died
 30817 | Spider:2 | Your ally Berold died
 30866 | Spider:2 | Reached XP level 17. HP: 113/166 MP: 27/27
 31489 | Spider:3 | Gained Bogfrid as an ally
 31918 | Spider:3 | Identified a scroll of acquirement
 31919 | Spider:3 | Acquired 810 gold pieces
 32925 | Spider:4 | Entered Level 4 of the Spider Nest
 33006 | Spider:4 | Got the Compilation of the Snowy Cumulonimbus
 33077 | Spider:4 | Gained mutation: You are occasionally teleported next to
                  | monsters. [mutagenic glow]
 33082 | Spider:4 | Lost mutation: You are occasionally teleported next to
                  | monsters. [potion of mutation]
 33082 | Spider:4 | Gained mutation: Armour fits poorly on your strangely
                  | shaped body. [potion of mutation]
 33083 | Spider:4 | Lost mutation: Armour fits poorly on your strangely shaped
                  | body. [potion of mutation]
 33083 | Spider:4 | Gained mutation: Your magical capacity is low. (-10% MP)
                  | [potion of mutation]
 33083 | Spider:4 | Gained mutation: You are partially covered in iridescent
                  | scales. (AC +2) [potion of mutation]
 33083 | Spider:4 | Gained mutation: Your magical capacity is very low. (-20%
                  | MP) [potion of mutation]
 33480 | Spider:4 | HP: 7/166 [poisoned by an emperor scorpion]
 33631 | Spider:4 | Reached skill level 5 in Dodging
 33844 | Spider:4 | Gained Horkud as an ally
 33916 | Spider:4 | Identified the +1 hat of Heresy {Dex+4}
 34081 | Spider:4 | Got a gossamer rune of Zot
 34439 | D:15     | Entered Level 15 of the Dungeon
 35113 | D:15     | Found a white marble altar of Elyvilon.
 35340 | D:15     | Found a staircase to the Depths.
 35348 | D:15     | Reached skill level 5 in Stealth
 35466 | Vaults:1 | Entered Level 1 of the Vaults
 35469 | Vaults:1 | Reached skill level 19 in Fighting
 35469 | Vaults:1 | Reached XP level 18. HP: 165/175 MP: 23/23
 35528 | Vaults:1 | Reached skill level 15 in Invocations
 35610 | Vaults:1 | Your ally Norbak died
 35650 | Vaults:1 | Noticed Donald
 35660 | Vaults:1 | Killed Donald
 35661 | Vaults:1 | Reached skill level 10 in Evocations
 36291 | Vaults:1 | Identified the amulet "Feprit" {rN+ Regen+ SInv} (You took
                  | it off a vault guard on level 1 of the Vaults)
 37518 | Vaults:2 | Noticed Sojobo
 37531 | Vaults:2 | Killed Sojobo
 37531 | Vaults:2 | Gained Bogdar as an ally
 37850 | Vaults:3 | You fall into a shaft and drop 1 floor!
 38020 | Vaults:3 | Reached XP level 19. HP: 118/184 MP: 24/24
 38697 | Vaults:3 | Found a staircase to the Crypt.
 38697 | Vaults:3 | Found an ancient bone altar of Kikubaaqudgha.
 38703 | Vaults:3 | Found a basalt altar of Yredelemnul.
 39222 | Vaults:4 | Reached skill level 20 in Fighting
 40575 | Elf:1    | Entered Level 1 of the Elven Halls
 40733 | Elf:1    | Noticed a Tzitzimitl
 40977 | Elf:1    | Got the Reference Book on Combat Magic
 41202 | Elf:1    | Identified Roxanne's Codex of the Quake
 41202 | Elf:1    | Noticed Roxanne
 41644 | Elf:1    | Killed Roxanne
 41735 | Elf:1    | Got the Folio of Pyromancy
 41860 | Elf:2    | Found Zoryr's Distillery.
 41876 | Elf:2    | Bought a potion of ambrosia for 88 gold pieces
 41876 | Elf:2    | Bought a potion of might for 44 gold pieces
 41876 | Elf:2    | Bought a potion of mutation for 88 gold pieces
 41876 | Elf:2    | Bought a potion of attraction for 33 gold pieces
 41876 | Elf:2    | Bought a potion of curing for 33 gold pieces
 41876 | Elf:2    | Bought a potion of curing for 33 gold pieces
 41876 | Elf:2    | Bought 2 potions of curing for 66 gold pieces
 41893 | Elf:2    | Found Hasov's Book Shop.
 42108 | Elf:2    | Found Ankapa's Jewellery Shoppe.
 42185 | Elf:2    | Found Zetywaeqe's Distillery.
 42192 | Elf:2    | Bought a potion of resistance for 200 gold pieces
 42192 | Elf:2    | Bought a potion of haste for 200 gold pieces
 42192 | Elf:2    | Bought a potion of heal wounds for 100 gold pieces
 42192 | Elf:2    | Bought a potion of attraction for 60 gold pieces
 42192 | Elf:2    | Bought 2 potions of invisibility for 320 gold pieces
 42192 | Elf:2    | Bought a potion of invisibility for 160 gold pieces
 42312 | Elf:2    | Found Nusteis's General Store.
 42321 | Elf:2    | Bought a potion of haste for 160 gold pieces
 42321 | Elf:2    | Bought a scroll of teleportation for 48 gold pieces
 42321 | Elf:2    | Bought a potion of might for 64 gold pieces
 42321 | Elf:2    | Bought a potion of attraction for 48 gold pieces
 42355 | Elf:2    | Reached XP level 20. HP: 183/195 MP: 26/26
 42362 | Elf:2    | Found a huge runed translucent gate.
 42362 | Elf:2    | Found a huge runed translucent gate.
 42362 | Elf:2    | Found a huge runed translucent gate.
 42362 | Elf:2    | Found a huge runed translucent gate.
 42363 | Elf:2    | Found a huge runed translucent gate.
 42900 | Elf:3    | Entered Level 3 of the Elven Halls
 42903 | Elf:3    | Noticed Nikola
 42914 | Elf:3    | Killed Nikola
 42952 | Elf:3    | Found Zaom's Assorted Antiques.
 43054 | Elf:3    | Found a magical portal.
 43070 | WizLab   | Entered Borgnjor's Mausoleum
 43214 | WizLab   | Reached skill level 21 in Fighting
 43215 | WizLab   | HP: 5/172 [revenant/ghostly fireball (20)]
 43218 | WizLab   | Killed from afar by an eidolon

Illustrated notes

Levels and vault maps discovered:
D:1:      psy_arrival_statuary, layout_rooms, nicolae_figureground_pulse
D:2:      layout_basic, serial_shops, nicolae_shop_hallway_plus
D:3:      layout_basic, nicolae_overflow_ecumenical_swirl,
          chequers_ecumenical_altar_simple_redux
D:4:      kennysheep_six_static_rooms, layout_rooms, serial_shops,
          shop_fountains, kennysheep_pointless_box, minmay_puff, uniq_menkaure,
          uniq_pikel
D:5:      layout_loops_ring
D:6:      layout_cave_pools, mainiacjoe_overflow_24_doors, serial_bayou_lake_a
D:7:      dreamdust_elfheim, layout_loops_ring, nicolae_overflow_crystal_walls,
          mainiacjoe_overflow_surrounded_room, minmay_temple_entry_sparse_star,
          uniq_joseph
D:8:      minmay_chambers_of_sixes, layout_cave_pools,
          grunt_temple_overflow_open, uniq_maggie, uniq_erica
D:9:      layout_basic, kennysheep_orc_sif_temple, mainiacjoe_overflow_paths,
          general_overflow_altar, hellmonk_lair_entry_icy, hex_large,
          nicolae_blasting_shop, uniq_prince_ribbit1
D:10:     layout_loops_ring, grunt_ministairs_9, minmay_misc_feat_pillars,
          uniq_gastronok
D:11:     layout_irregular_city, erik_orc_1
D:12:     lemuel_bear_cage, layout_basic, nicolae_trove_entry_isolated,
          chequers_serial_rivers_large_b, yredelemnul_forgotten_temple_becter
D:13:     layout_stronghold, beargit_elvish_explorers
D:14:     layout_roguey, david_vaults_1, kiku_gazebo_pond_becter, drop_trap
D:15:     grunt_enter_depths_magical_seal, layout_cave_pods, chequers_avenue,
          elyvilon_altar_3
Temple:   nicolae_temple_bog_church
Lair:1:   layout_long_grid, infiniplex_staircase_pool_2, serial_bayou_shore_a,
          grunt_megastairs_4, lemuel_fruit_tree
Lair:2:   layout_roguey, nicolae_shoals_entry_flooding, spider_nest_entry_a,
          roderic_batcave, infiniplex_staircase_pool, grunt_megastairs_3
Lair:3:   layout_misc_corridors
Lair:4:   layout_loops_ring, basic_altar, pond
Lair:5:   evilmike_catoblepas_cave, layout_gridlike, slime_entry_1,
          grunt_megastairs_1
Shoals:1: layout_shoals, gammafunk_ghost_split, uniq_mlioglotl
Shoals:2: layout_shoals, serial_shops, shop
Shoals:3: layout_shoals, serial_shops, shop
Shoals:4: shoals_end_grunt_ice, layout_shoals
Spider:1: layout_cave_pods, nicolae_spider_swamp_cousins, uniq_aizul
Spider:2: layout_spider_delve, nicolae_spider_cling_halls
Spider:3: layout_spider_delve, nicolae_spider_bug_shape
Spider:4: guppyfry_spider_rune
Orc:1:    layout_caves
Orc:2:    grunt_orc_gardens, layout_diamond_mine, grunt_orc_garden,
          grunt_orc_garden, grunt_orc_garden, grunt_orc_garden,
          ebering_ghost_rock_garden, serial_shops, nicolae_shop_hallway_plus,
          uniq_nessos
Elf:1:    eino_elf_arrival_sip, layout_loops_cross, minmay_elf_annihilation,
          solitary_fountain, hangedman_research_pyrotechnics, uniq_roxanne
Elf:2:    elven_hall_of_blades_hangedman_alternative
          [infiniplex_blade_entry_pillars], layout_gridlike, serial_shops,
          nicolae_shop_temple_entry_statues_fountains, shop, shop,
          nicolae_shop_stone, shop, grunt_megastairs_2
Elf:3:    minmay_elf_hall_four_x, layout_gridlike, mu_enter_wizlab_4,
          serial_shops, shop_fountains, serial_sigils_hangedman_writhe,
          drop_trap, uniq_nikola
Vaults:1: v_misc_13, hangedman_vaults_slither, nicolae_vaults_little_squares_5,
          vaults_standard_mumra_x, hangedman_vaults_pinch,
          nicolae_vaults_little_ls, nicolae_vaults_alarming,
          grunt_vaults_funnel, vaults_mumra_lcd, hangedman_vaults_trim,
          layout_vaults_maze_bifur, uniq_donald
Vaults:2: grunt_vaults_twisty, nicolae_vaults_diagonal_hallway_7,
          v_alt_pattern_3, ontoclasm_vaults_shuriken, ontoclasm_vaults_fault,
          v_pattern_4, st_octagons_2, v_misc_8, layout_vaults_big_room,
          uniq_sojobo, uniq_margery
Vaults:3: v_rooms_6, v_pattern_2, ontoclasm_vaults_ligature,
          minmay_crypt_entry_necro_gods, ontoclasm_vaults_ring_small,
          vaults_mumra_chevron, v_misc_14, vaults_dpeg_emergency_exit,
          ontoclasm_vaults_hangar, nicolae_vaults_little_squares_1,
          serial_ice_h, layout_vaults_omnigrid
Vaults:4: dpeg_vaults_hating_casters, vaults_standard_mumra_enter_the_diamond,
          hangedman_vaults_nodes, v_misc_24, hangedman_vaults_nails,
          vaults_dpeg_diagonal, grunt_vaults_trifunnel, v_misc_1, v_misc_14,
          v_misc_5, nicolae_vaults_little_squares_3, layout_vaults_big_cross
WizLab:   wizlab_borgnjor

Skill      XL: |  1  2  3  4  5  6  7  8  9 10 11 12 13 14 15 16 17 18 19 20 |
---------------+-------------------------------------------------------------+-----
Fighting       | 4 5 6 7 9 10 11 13 14 16 17 18 19 20 21 | 21.0
Stealth        | 2 3 5 6 |  6.0
Axes           | 5 7 8 9 11 13 14 16 18 | 18.4
Dodging        | 3 5 6 |  6.0
Armour         | 2 4 6 7 9 10 12 14 15 16 17 18 | 18.5
Invocations    | 4 6 7 9 10 12 13 14 16 17 18 | 18.0
Evocations     | 1 3 4 7 9 11 12 | 12.8
Throwing       | 1 3 |  3.4
Shields        | 6 7 9 10 11 12 14 | 14.6

Action                     |  1- 3 |  4- 6 |  7- 9 | 10-12 | 13-15 | 16-18 | 19-21 || total
---------------------------+-------+-------+-------+-------+-------+-------+-------++-------
  Melee: Hand axe          |   133 |   176 |    95 |       |       |       |       ||   404
         Punch             |     1 |     3 |     6 |     5 |       |       |       ||    15
         Dagger            |       |     4 |    12 |     6 |       |       |       ||    22
         Whip              |       |       |    38 |       |       |       |       ||    38
         War axe           |       |       |    63 |   343 |   722 |   924 |       ||  2052
         Dire flail        |       |       |     1 |       |       |       |       ||     1
         Flail             |       |       |       |     4 |    15 |       |       ||    19
         Demon whip        |       |       |       |       |   184 |       |       ||   184
         Unarmed           |       |       |       |       |    14 |       |       ||    14
         Broad axe         |       |       |       |       |       |    87 |   471 ||   558
   Fire: Sling             |       |    52 |   171 |    68 |    27 |     5 |       ||   323
  Throw: Stone             |     7 |     1 |       |       |       |       |       ||     8
         Javelin           |       |       |     1 |       |     1 |     8 |       ||    10
         Dart              |       |       |       |       |     3 |       |       ||     3
 Invoke: Convert to Beogh  |       |       |     1 |       |       |       |       ||     1
         Recall Orcish Fol |       |       |       |    10 |    39 |    33 |     6 ||    88
         Stop Recall       |       |       |       |     1 |       |       |       ||     1
         Smiting           |       |       |       |     1 |       |     4 |     6 ||    11
         Give Item to Name |       |       |       |       |     4 |     4 |     1 ||     9
         Resurrection      |       |       |       |       |     2 |     3 |       ||     5
  Evoke: Wand              |       |     6 |    22 |     6 |    26 |    30 |    18 ||   108
         Phial of floods   |       |       |       |     1 |     3 |     3 |     3 ||    10
         Lightning rod     |       |       |       |       |     9 |    10 |       ||    19
         Condenser vane    |       |       |       |       |     1 |     5 |     3 ||     9
         Box of beasts     |       |       |       |       |       |     7 |     3 ||    10
    Use: Scroll            |       |     5 |     1 |    12 |    11 |    10 |    11 ||    50
         Potion            |       |       |       |     1 |     9 |    15 |     5 ||    30
   Stab: Sleeping          |     1 |     2 |     1 |       |       |       |       ||     4
         Distracted        |       |     1 |       |     6 |     8 |    13 |       ||    28
         Confused          |       |       |       |     2 |     1 |     2 |       ||     5
         Invisible         |       |       |       |       |     5 |       |       ||     5
         Paralysed         |       |       |       |       |     2 |       |       ||     2
 Armour: Robe              |    27 |       |       |       |       |       |       ||    27
         Leather armour    |     8 |    59 |    72 |    56 |       |       |       ||   195
         Chain mail        |       |       |       |    81 |   473 |   536 |   170 ||  1260
  Dodge: Dodged            |    88 |   102 |   168 |   256 |   399 |   387 |   119 ||  1519
  Block: Buckler           |       |       |       |       |   301 |   307 |       ||   608
         Kite shield       |       |       |       |       |       |   167 |   234 ||   401
         Reflection        |       |       |       |       |       |    13 |    27 ||    40

Table legend: (Time is in decaauts)
 A = Elapsed time spent in this place.
 B = Non-inter-level travel time spent in this place.
 C = Inter-level travel time spent in this place.
 D = Time resting spent in this place.
 E = Time spent auto-exploring this place.
 F = Levels seen in this place.
 G = Mean time per level.
                   A        B        C        D        E       F      G
               +--------+--------+--------+--------+--------+-----+--------+
         Total |  42664 |  38408 |   4256 |   3914 |  20827 |  40 | 1066.6 |
       Dungeon |  16201 |  14384 |   1817 |   1381 |   8814 |  15 | 1080.1 |
        Temple |    228 |    202 |     26 |      0 |    188 |   1 |  228.0 |
          Lair |   5878 |   5207 |    671 |   1306 |   2401 |   5 | 1175.6 |
        Shoals |   5254 |   4835 |    419 |    154 |   3016 |   4 | 1313.5 |
   Spider Nest |   4654 |   4058 |    596 |    284 |   2701 |   4 | 1163.5 |
  Orcish Mines |   2927 |   2716 |    211 |    308 |    673 |   2 | 1463.5 |
   Elven Halls |   2386 |   2114 |    272 |     27 |   1333 |   3 |  795.3 |
        Vaults |   4868 |   4627 |    241 |    454 |   1683 |   4 | 1217.0 |
         Trove |    130 |    130 |      0 |      0 |      0 |   1 |  130.0 |
        Wizlab |    135 |    135 |      0 |      0 |     17 |   1 |  135.0 |
               +--------+--------+--------+--------+--------+-----+--------+

Top non-repeatable levels by time:
   Orc:1: 1978 daAuts
  Lair:5: 1559 daAuts
    D:12: 1519 daAuts
Vaults:3: 1505 daAuts
Shoals:2: 1495 daAuts
Spider:1: 1494 daAuts
Shoals:4: 1382 daAuts
     D:4: 1380 daAuts
    D:11: 1348 daAuts
     D:8: 1332 daAuts
     D:9: 1280 daAuts
Vaults:2: 1265 daAuts
     D:3: 1262 daAuts
Shoals:1: 1242 daAuts
  Lair:4: 1213 daAuts
